 Dungeon Crawl Stone Soup version 0.28-a0-309-gf6d37e6e1d (webtiles) character file.

Game seed: 13859488116754925400

49 McIrco the Covered (level 4, -2/35 HPs)
             Began as a Human Fighter on Aug 30, 2021.
             Slain by a gnoll (13 damage)
             ... on level 2 of the Dungeon.
             The game lasted 00:01:10 (1263 turns).

McIrco the Covered (Human Fighter)                  Turns: 1263, Time: 00:01:11

Health: -2/35      AC:  7    Str: 18    XL:     4   Next: 1%
Magic:  4/4        EV:  7    Int:  8    God:
Gold:   31         SH:  8    Dex: 12    Spells: 3/3 levels left

rFire   . . .      SeeInvis .   a - +0 war axe
rCold   . . .      Faith    .   c - +0 kite shield
rNeg    . . .      Spirit   .   b - +0 scale mail
rPois   .          Reflect  .   (no helmet)
rElec   .          Harm     .   (no cloak)
rCorr   .          Rampage  .   (no gloves)
Will    .....                   (no boots)
Stlth   ..........              (no amulet)
HPRegen 0.11/turn               (no ring)
MPRegen 0.09/turn               (no ring)

@: no status effects
A: no striking features
a: no special abilities


You were on level 2 of the Dungeon.
You visited 1 branch of the dungeon, and saw 2 of its levels.

You collected 31 gold pieces.

Inventory:

Hand Weapons
 a - a +0 war axe (weapon)
Armour
 b - a +0 scale mail (worn)
 c - a +0 kite shield (worn)
Scrolls
 e - a scroll of brand weapon {unknown}
 f - a scroll of noise {unknown}
 h - a scroll of teleportation {unknown}
Potions
 d - 2 potions of might
 g - a potion of curing {unknown}


   Skills:
 + Level 3.5 Fighting
 - Level 2.0 Axes
 + Level 3.7 Armour
 + Level 3.5 Shields


You had 3 spell levels left.
You didn't know any spells.
Your spell library contained the following spells:

 Spells                   Type           Power      Damage    Failure   Level
 Summon Forest            Summ/Tloc      0%         N/A       100%        5
 Summon Mana Viper        Hex/Summ       0%         N/A       100%        5


Dungeon Overview and Level Annotations

Branches:
Dungeon (2/15)

Altars:


Message History

(D) Dungeon
Where to? (? - help)
There is a stone staircase leading down here.
You climb downwards.
The gnoll shouts! x4
Found a smoky emerald potion and 12 poisoned darts.
There is a stone staircase leading up here.
There are monsters nearby!
You block the gnoll's attack.
You hit the gnoll.
The gnoll is lightly wounded.
A giant cockroach comes into view.
You slash the gnoll!
The gnoll is heavily wounded.
The gnoll hits you from afar with a +0 halberd!
You block the gnoll's attack.
The gnoll hits you from afar with a +0 halberd!
* * * LOW HITPOINT WARNING * * *
The giant cockroach bites you but does no damage.
There is a stone staircase leading up here.
You slash the giant cockroach!
You kill the giant cockroach!
You slash the gnoll!
You kill the gnoll!
You block the gnoll's attack.
Things that are here:
a +0 flail; a gnoll corpse You barely miss the gnoll.
The gnoll is lightly wounded.
The gnoll barely misses you. x4
You slash the gnoll!
You kill the gnoll!
You block the gnoll's attack. x2
You have reached level 4!
You feel stronger.
Unknown command.
Unknown command.
There is a stone staircase leading up here.
The gnoll hits you from afar with a +0 halberd!
You die...

#. #.##
###...
..... ...#
#..#
#.†######.
#.@......!
##)#######
#g# #g#
#.# #..
#.# #..
###


You could see 2 gnolls.

Vanquished Creatures
  2 gnolls (D:2)
  A dart slug (D:1)
  3 bats (D:1)
  3 endoplasms (D:1)
  A giant cockroach (D:2)
  A goblin (D:1)
  5 hobgoblins (D:1)
  A quokka (D:1)
  3 ball pythons (D:1)
  A frilled lizard (D:1)
  3 kobolds (D:1)
24 creatures vanquished.

Vanquished Creatures (others)
  4 plants (D:1)
4 creatures vanquished.

Grand Total: 28 creatures vanquished

Notes
Turn   | Place    | Note
-------+----------+-------------------------------------------
     0 | D:1      | McIrco the Human Fighter began the quest for the Orb.
     0 | D:1      | Reached XP level 1. HP: 18/18 MP: 1/1
    62 | D:1      | Reached XP level 2. HP: 11/24 MP: 2/2
   360 | D:1      | Found a faded altar of an unknown god.
   702 | D:1      | Reached XP level 3. HP: 28/29 MP: 3/3
  1262 | D:2      | Reached XP level 4. HP: 11/35 MP: 4/4
  1263 | D:2      | Slain by a gnoll

Illustrated notes

Levels and vault maps discovered:
D:1:      dpeg_arrival_pond, layout_rooms, hellmonk_ecumenical_altar_zigzags,
          serial_forest, infiniplex_forest_clump_cross,
          infiniplex_forest_straight_4, infiniplex_forest_lined_3_way,
          infiniplex_forest_clump_medium, infiniplex_forest_clump_curved,
          infiniplex_forest_end_2, infiniplex_forest_clump_diagonal
D:2:      layout_loops_ring, minivault_4

Action                   |  1- 3 |  4- 6 || total
-------------------------+-------+-------++-------
Melee: War axe           |   122 |       ||   122
Armor: Scale mail        |    27 |       ||    27
Dodge: Dodged            |    15 |       ||    15
Block: Kite shield       |    27 |       ||    27

Table legend: (Time is in decaauts)
 A = Elapsed time spent in this place.
 B = Non-inter-level travel time spent in this place.
 C = Inter-level travel time spent in this place.
 D = Time resting spent in this place.
 E = Time spent auto-exploring this place.
 F = Levels seen in this place.
 G = Mean time per level.
                   A        B        C        D        E       F      G
               +--------+--------+--------+--------+--------+-----+--------+
         Total |   1340 |   1269 |     71 |      0 |   1003 |   2 |  670.0 |
       Dungeon |   1340 |   1269 |     71 |      0 |   1003 |   2 |  670.0 |
               +--------+--------+--------+--------+--------+-----+--------+

Top non-repeatable levels by time:
     D:1: 1327 daAuts
     D:2: 12 daAuts
